 Dungeon Crawl Stone Soup version 0.29.1-13-g9f3cf754e1 (webtiles) character file.

Game seed: 12918492135229409906

54 DildoBatman the Conjurer (level 4, 0/32 HPs)
             Began as a Formicid Conjurer on Jan 23, 2023.
             Slain by a jackal (1 damage)
             ... on level 2 of the Dungeon.
             The game lasted 00:02:53 (1269 turns).

DildoBatman the Conjurer (Formicid Conjurer)        Turns: 1269, Time: 00:02:54

Health: 0/32       AC:  2    Str: 12    XL:     4   Next: 12%
Magic:  8/8        EV: 12    Int: 19    God:
Gold:   48         SH:  0    Dex: 12    Spells: 5/8 levels left

rFire   . . .      SeeInvis +   a - +2 dagger (venom)
rCold   . . .      Faith    .   (no shield)
rNeg    . . .      Spirit   .   j - +0 robe
rPois   .          Reflect  .   (helmet unavailable)
rElec   .          Harm     .   (no cloak)
rCorr   .          Rampage  .   (no gloves)
Will    .....                   (no boots)
Stlth   ++........              (no amulet)
HPRegen 0.10/turn               (no ring)
MPRegen 0.11/turn               (no ring)

@: no status effects
A: permanent stasis, dig shafts and tunnels, antennae 3, four strong arms
a: Dig, Shaft Self


You were on level 2 of the Dungeon.
You visited 1 branch of the dungeon, and saw 2 of its levels.

You collected 48 gold pieces.

Inventory:

Hand Weapons
 a - a +2 dagger of venom (weapon)
Armour
 j - a +0 robe (worn)
Scrolls
 c - 2 scrolls of vulnerability {unknown}
 d - a scroll of blinking {unknown}
 e - 3 scrolls of identify {unknown}
 f - a scroll of amnesia {unknown}
Potions
 b - a potion of magic
 h - a potion of attraction {unknown}
 i - a potion of lignification {unknown}


   Skills:
 * Level 1.5 Fighting
 * Level 1.6 Armour
 - Level 2.0 Dodging
 - Level 2.4 Stealth
 * Level 2.7 Spellcasting
 * Level 3.9 Conjurations


You had 5 spell levels left.
You knew the following spells:

 Your Spells              Type           Power      Damage    Failure   Level
a - Searing Ray           Conj           34%        2d5       4%          2
c - Magic Dart            Conj           68%        1d6       3%          1

Your spell library contained the following spells:

 Spells                   Type           Power      Damage    Failure   Level
 Beastly Appendage        Tmut           4%         N/A       16%         1
 Dazzling Flash           Conj/Hex       20%        N/A       22%         3
 Wereblood                Tmut           2%         N/A       24%         2
 Spider Form              Tmut/Pois      2%         N/A       43%         3
 Fulminant Prism          Conj/Hex       5%         3d7       56%         4
 Iskenderun's Mystic Bla  Conj/Tloc      10%        2d4       56%         4


Dungeon Overview and Level Annotations

Branches:
Dungeon (2/15)

Altars:

Annotations:
D:1 exclusion: felid


Innate Abilities, Weirdness & Mutations

You cannot be hasted, slowed, berserked, paralysed or teleported.
You can dig through walls and to a lower floor.
You have a pair of large antennae on your head. (SInv)
Your four strong arms can wield two-handed weapons with a shield.


Message History

The jackal barely misses you. What are your orders? t - Shout!
Orders for allies: a - Attack new target. r - Retreat! s - Stop attacking. g - Guard the area. f - Follow me.
Anything else - Cancel.
You shout for attention!
The jackal bites you. The jackal barely misses you.
What are your orders? t - Shout!
Orders for allies: a - Attack new target. r - Retreat! s - Stop attacking. g - Guard the area. f - Follow me.
Anything else - Cancel.
You shout for attention!
The jackal bites you. x2
The jackal bites you but does no damage. x2
What are your orders? t - Shout!
Orders for allies: a - Attack new target. r - Retreat! s - Stop attacking. g - Guard the area. f - Follow me.
Anything else - Cancel.
You shout for attention!
The jackal bites you.
The jackal bites you but does no damage.
What are your orders? t - Shout!
Orders for allies: a - Attack new target. r - Retreat! s - Stop attacking. g - Guard the area. f - Follow me.
Anything else - Cancel.
You shout for attention!
You hear a bark!
The jackal bites you. x2
The jackal misses you. The jackal bites you.
You die...

#.##........†....#
#.#
#.##......#.#....#
#.#
#!####...........#
#.. #†#
##.#.#.#.#..# ###
...####.........##
...?....#.#)#.#.#
.....###.........###
..... #...#.#.....#
#.....# #......@h.#.
#.#####.h## #.# #.##
{ #. ... ## ###. #.
.. #.


You could see 2 jackals.

Vanquished Creatures
  2 adders (D:2)
  A worm (D:2)
  2 dart slugs (D:2)
  4 endoplasms (D:1)
  2 giant cockroaches
  A goblin (D:2)
  A hobgoblin (D:1)
  2 kobolds
  A quokka (D:1)
  5 ball pythons (D:1)
  3 bats (D:1)
  5 rats (D:1)
29 creatures vanquished.

Notes
Turn   | Place    | Note
-------+----------+-------------------------------------------
     0 | D:1      | DildoBatman the Formicid Conjurer began the quest for the
                  | Orb.
     0 | D:1      | Reached XP level 1. HP: 13/13 MP: 3/3
     5 | D:1      | Noticed a vine stalker
    13 | D:1      | Noticed a formicid
    15 | D:1      | Noticed an octopode
    17 | D:1      | Noticed an elf
    17 | D:1      | Noticed a felid
   235 | D:1      | Reached XP level 2. HP: 20/20 MP: 1/5
   238 | D:1      | Learned a level 2 spell: Searing Ray
   689 | D:1      | Found a faded altar of an unknown god.
   716 | D:1      | Reached skill level 1 in Armour
   806 | D:1      | Reached skill level 1 in Fighting
   875 | D:1      | Reached XP level 3. HP: 26/26 MP: 3/6
  1224 | D:2      | Reached XP level 4. HP: 32/32 MP: 3/8
  1269 | D:2      | HP: 1/32 [jackal (2)]
  1269 | D:2      | Slain by a jackal

Illustrated notes

Levels and vault maps discovered:
D:1:      shiori_arrival_whats_in_store_for_you, layout_loops_ring,
          ebering_ecumenical_altar_box
D:2:      layout_loops_ring, nicolae_concentric_dashed_squares_wild,
          st_stairs_2, uniq_terence

Skill      XL: |  1  2 |
---------------+-------+-----
Dodging        | 2 |  2.0
Armour         | 1 |  1.6
Fighting       | 1 |  1.5
Stealth        | |  2.4
Spellcasting   | |  2.7
Conjurations   | |  3.9

Action                   |  1- 3 |  4- 6 || total
-------------------------+-------+-------++-------
Melee: Unarmed           |     6 |       ||     6
       Punch             |     1 |       ||     1
       Whip              |     3 |       ||     3
 Cast: Magic Dart        |    53 |       ||    53
       Searing Ray       |     3 |       ||     3
 Stab: Sleeping          |     3 |       ||     3
Armor: Robe              |     3 |     7 ||    10
Dodge: Dodged            |     6 |    15 ||    21
